 Dungeon Crawl Stone Soup version 0.28.0-53-g5a82cb258f (webtiles) character file.

Game seed: 4206858557069038123

199330 pkoi the Martial Artist (level 17, -10/207 HPs)
             Began as a Demigod Venom Mage on June 3, 2022.
             Mangled by a deep elf blademaster
             ... wielding a +0 rapier
              (11 damage)
             ... on level 3 of the Elven Halls.
             The game lasted 02:25:28 (62965 turns).

pkoi the Martial Artist (Demigod Venom Mage)       Turns: 62965, Time: 02:25:28

Health: -10/207    AC: 16    Str: 17    XL:     17   Next: 61%
Magic:  16/38      EV: 11    Int: 43    God:
Gold:   1718       SH:  0    Dex: 14    Spells: 1/40 levels left

rFire   + + .      SeeInvis +     - Unarmed
rCold   x . .      Faith    .   (shield currently unavailable)
rNeg    . . .      Spirit   .   (armour currently unavailable)
rPois   +          Reflect  .   (helmet currently unavailable)
rElec   .          Harm     .   (cloak currently unavailable)
rCorr   .          Rampage  .   (gloves currently unavailable)
Will    ++...                   (boots currently unavailable)
Stlth   +++.......              h - amulet of regeneration
HPRegen 1.24/turn               q - ring of wizardry
MPRegen 0.26/turn               t - ring of the Everdark {Drain rPois Will+ Int+6 SInv}

@: lethally poisoned (-10 -> -11), short of breath, dragon-form, flying,
studying Staves, unable to read
A: dragon claw, dragon scales, breathe fire, flying, boosted hp, giant, high MP
1, forlorn, divine attributes, (poison resistance), weak 1, inability to read
while threatened
a: Breathe Fire, End Transformation


You were on level 3 of the Elven Halls.
You were a fearsome dragon!
You visited 7 branches of the dungeon, and saw 32 of its levels.
You visited 1 bazaar.
You also visited: Bailey and Gauntlet.

You collected 4000 gold pieces.
You spent 2282 gold pieces at shops.

Inventory:

Missiles
 k - 2 throwing nets
 y - 6 curare-tipped darts
Armour
 f - a scarf of resistance (melded)
 l - a +0 pair of gloves (melded)
 w - +1 acid dragon scales (melded)
 C - a +0 pair of boots (melded)
 Q - a +1 helmet (melded)
Magical Staves
 p - a staff of poison (melded)
Jewellery
 h - an amulet of regeneration (around neck)
 q - a ring of wizardry (left foreclaw)
 t - the ring of the Everdark (right foreclaw) {Drain rPois Will+ Int+6 SInv}
   (You acquired it on level 11 of the Dungeon)

   [ring of intelligence]

   Int:       It affects your intelligence (+6).
   rPois:     It protects you from poison.
   SInv:      It lets you see invisible.
   Drain:     It drains your maximum health when unequipped.
   Will:      It increases your willpower.
 u - a ring of flight
 R - a ring of protection from fire
 T - a ring of willpower
Wands
 a - a wand of digging (10)
 c - a wand of mindburst (35)
 g - a wand of paralysis (14)
 r - a wand of polymorph (25)
 D - a wand of charming (2)
 E - a wand of flame (44)
 L - a wand of iceblast (16)
 S - a wand of acid (6)
Scrolls
 e - 2 scrolls of summoning
 o - 6 scrolls of fog
 B - 11 scrolls of teleportation
 H - 3 scrolls of fear
 J - 17 scrolls of identify
 N - 3 scrolls of holy word
 O - 3 scrolls of blinking
Potions
 d - 3 potions of haste
 i - 8 potions of heal wounds
 j - 9 potions of might
 n - 7 potions of flight
 s - 4 potions of brilliance
 v - 5 potions of curing
 x - 2 potions of ambrosia
 z - 5 potions of invisibility
 G - a potion of magic
 I - 2 potions of cancellation
 K - a potion of resistance


   Skills:
 + Level 9.5 Fighting
 - Level 6.0 Armour
 + Level 9.5 Dodging
 + Level 7.1 Stealth
 + Level 13.3 Unarmed Combat
 - Level 12.0 Spellcasting
 - Level 9.0 Conjurations
 - Level 9.0 Translocations
 - Level 12.0 Transmutations
 - Level 6.0 Fire Magic
 * Level 6.2 Air Magic
 - Level 7.0 Poison Magic
 - Level 3.0 Evocations


You had one spell level left.
You knew the following spells:

 Your Spells              Type           Power      Damage    Failure   Level
a - Sting                 Tmut/Pois      100%       1d8       0%          1
b - Poisonous Vapours     Pois/Air       100%       N/A       1%          2
c - Mephitic Cloud        Conj/Pois/Air  74%        N/A       1%          3
d - Olgreb's Toxic Radia  Pois           72%        N/A       1%          4
e - Ignite Poison         Fire/Tmut/Pois 78%        N/A       1%          3
f - Manifold Assault      Tloc           80%        N/A       1%          5
g - Iskenderun's Mystic   Conj/Tloc      80%        2d16      1%          4
h - Irradiate             Conj/Tmut      43%        3d28      1%          5
i - Dragon Form           Tmut           45%        N/A       2%          7
j - Lightning Bolt        Conj/Air       37%        1d56      1%          5

Your spell library contained the following spells:

 Spells                   Type           Power      Damage    Failure   Level
 Beastly Appendage        Tmut           100%       N/A       0%          1
 Foxfire                  Conj/Fire      100%       2x1d9     1%          1
 Freeze                   Ice            100%       1d11      1%          1
 Slow                     Hex            100%       N/A       1%          1
 Wereblood                Tmut           91%        N/A       0%          2
 Blink                    Tloc           100%       N/A       1%          2
 Ensorcelled Hibernation  Hex/Ice        50%        N/A       1%          2
 Sublimation of Blood     Necr           25%        N/A       1%          2
 Confusing Touch          Hex            25%        N/A       1%          3
 Conjure Flame            Conj/Fire      74%        6-21      1%          3
 Dazzling Flash           Conj/Hex       100%       N/A       1%          3
 Frozen Ramparts          Ice            50%        1d7       1%          3
 Inner Flame              Hex/Fire       51%        N/A       1%          3
 Lesser Beckoning         Tloc           80%        N/A       1%          3
 Ozocubu's Armour         Ice            25%        N/A       1%          3
 Spider Form              Tmut/Pois      82%        N/A       1%          3
 Tukima's Dance           Hex            25%        N/A       1%          3
 Vampiric Draining        Necr           25%        2d7       1%          3
 Airstrike                Air            34%        N/A       1%          4
 Flame Wave               Conj/Fire      74%        2d13      1%          4
 Fulminant Prism          Conj/Hex       29%        3d14      1%          4
 Hailstorm                Conj/Ice       59%        3d13      1%          4
 Ice Form                 Ice/Tmut       67%        N/A       1%          4
 Passage of Golubria      Tloc           80%        N/A       1%          4
 Petrify                  Tmut/Erth      67%        N/A       1%          4
 Sticky Flame             Conj/Fire      74%        2d9       1%          4
 Summon Lightning Spire   Summ/Air       51%        N/A       1%          4
 Alistair's Intoxication  Tmut/Pois      54%        N/A       1%          5
 Blade Hands              Tmut           45%        N/A       1%          5
 Freezing Cloud           Conj/Ice/Air   31%        6-21      1%          5
 Dispersal                Tloc           40%        N/A       1%          6
 Eringya's Noxious Bog    Tmut/Pois      41%        N/A       1%          6
 Silence                  Hex/Air        25%        N/A       3%          5
 Starburst                Conj/Fire      37%        6d11      3%          6
 Anguish                  Hex/Necr       12%        N/A       4%          4
 Animate Dead             Necr           12%        N/A       4%          4
 Cause Fear               Hex            12%        N/A       4%          4
 Summon Ice Beast         Ice/Summ       25%        N/A       4%          4
 Statue Form              Tmut/Erth      44%        N/A       6%          6
 Borgnjor's Vile Clutch   Necr/Erth      12%        N/A       13%         5
 Lee's Rapid Deconstruct  Erth           12%        3d10*     13%         5
 Metabolic Englaciation   Hex/Ice        12%        N/A       13%         5
 Death Channel            Necr           12%        N/A       54%         6
 Simulacrum               Ice/Necr       12%        N/A       54%         6
 Disjunction              Tloc           40%        N/A       56%         8
 Enfeeble                 Hex            12%        N/A       98%         7
 Haunt                    Necr/Summ      12%        N/A       98%         7
 Summon Hydra             Summ           12%        N/A       98%         7
 Lehudib's Crystal Spear  Conj/Erth      29%        10d8      99%         8
 Infestation              Necr           12%        N/A       100%        8
 Dragon's Call            Summ           12%        N/A       100%        9
 Fire Storm               Conj/Fire      37%        8d9       100%        9
 Polar Vortex             Ice            12%        N/A       100%        9


Dungeon Overview and Level Annotations

Branches:
Dungeon (14/15)            Temple (1/1) D:4            Lair (6/6) D:11
  Swamp (3/4) Lair:3        Snake (3/4) Lair:4        Slime (0/5) Lair:5
    Orc (2/2) D:10            Elf (3/3) Orc:2        Vaults (0/5) D:13
 Bailey (visited)         Gauntlet (visited)

Shops:
D:1 *(:[(   D:8 *   D:9 :   Orc:1 *   Orc:2 :([*   Elf:1 !   Elf:2 :?
Snake:1 :=   Snake:3 !

Portals:
Trove: D:13 (give 19 potions of curing)

Annotations:
D:7 1 runed translucent door, Zeld's ghost, novice MiBe
D:11 3 runed translucent doors, Aarinfel's ghost, journeyman GrFi; SuperSeabass's ghost, journeyman HuFE; Woods's ghost, journeyman GnTm; aChris07's ghost, journeyman MfIE
D:13 exclusion: statue
Swamp:3 3 runed translucent doors, pkoi's ghost, adept DgCj
Snake:1 1 runed translucent door, Inamel's ghost, adept GnFi
Elf:2 3 runed translucent doors


Innate Abilities, Weirdness & Mutations

You are a fearsome dragon!
You have a powerful clawing attack.
Your giant scaled body is strong and resiliant, but less evasive.
You can breathe fire.
You are flying.
Your maximum health is greatly increased.
Your armour is entirely melded.
You are incapable of wielding weapons or throwing items.
You have an increased reservoir of magic. (+10% MP)
You shall have no god before yourself.
Your divine heritage dramatically boosts your attributes as you level up.
((Your system is resistant to poisons. (rPois)))
You are weak. (Str -2)
You sometimes lose the ability to read scrolls when taking damage.


Message History

You feel sick. The deep elf blademaster misses you.
The deep elf blademaster hits you with a +0 rapier!
* * * LOW HITPOINT WARNING * * *
Unknown command.
Unknown command.
Casting: Ignite Poison (safe; 1% risk of failure)
Confirm with . or Enter, or press ? or * to list all spells.
Aiming: Poisonous Vapours (safe; 1% risk of failure)
Press: ? - help, Dir - move target, f/p - deep elf blademaster
Aim: a deep elf blademaster, wielding two +0 rapiers and wearing a +1 plate armour of fire resistance (moderately wounded) Poisonous vapours surround the deep elf blademaster!
The deep elf blademaster is poisoned.
You feel sick.
The deep elf blademaster hits you with a +0 rapier!
* * * LOW HITPOINT WARNING * * *
The deep elf blademaster completely misses you.
The deep elf blademaster hits you with a +0 rapier!!
* * * LOW HITPOINT WARNING * * *
The deep elf blademaster closely misses you.
You cannot read scrolls in your current state!
Casting: Poisonous Vapours (safe; 1% risk of failure)
Confirm with . or Enter, or press ? or * to list all spells.
You ignite the poison in your surroundings!
The deep elf blademaster seems to burn from within!!
The deep elf blademaster is heavily wounded.
You feel sick.
The deep elf blademaster barely misses you.
The deep elf blademaster misses you.
Unknown command.
Aiming: Breathe Fire (0% risk of failure)
Press: ? - help, Shift-Dir - straight line, f/p - deep elf blademaster
Aim: a deep elf blademaster, wielding two +0 rapiers and wearing a +1 plate armour of fire resistance (heavily wounded, 45% to hit)
You breathe a blast of fire.
The fiery breath misses the deep elf blademaster.
You feel sick.
You hear a shout!
The deep elf blademaster is engulfed in blazing flames.
The deep elf blademaster hits you with a +0 rapier!!
* * * LOW HITPOINT WARNING * * *
The deep elf blademaster hits you with a +0 rapier!
You die...

*,,,,,***,,,..e,,,***,,,,,*
***,,,,,***,..),***,,,,,***
***,,,,,*##.##*,,,,,***
***,,,,#...#,,,,***
***,,#(..#,,*** ****.[.****
*#.#* #e# #D# #.# #.# # #.#
## #.# .## #.# #.######
#.##### ##'#...## ##.....##
##.....## ##.......##


You could see a deep elf blademaster.

Vanquished Creatures
  Jorgrun (Orc:1)
  A tentacled monstrosity (Swamp:3)
  Kirke (Snake:2)
  Donald (Snake:3)
  2 nagarajas
  A fenstrider witch (Swamp:1)
  2 orc warlords
  Azrael (D:14)
  An eleionoma (Swamp:3)
  A deep elf demonologist (Elf:3)
  Nessos (D:13)
  2 deep elf annihilators (Elf:3)
  A minotaur (Gauntlet)
  An entropy weaver (Gauntlet)
  A bunyip (Swamp:2)
  Snorg (Orc:2)
  2 vault guards (Bailey)
  Josephine (D:10)
  3 deep elf high priests
  Erolcha (Orc:1)
  14 hydras
  5 catoblepae
  2 boulder beetles
  A salamander tyrant (Snake:2)
  11 naga warriors
  10 anacondas
  3 centaur warriors
  3 alligator snapping turtles (Snake:3)
  3 two-headed ogres
  13 alligators
  7 death yaks (Lair:6)
  13 dancing weapons
  8 orc high priests
  Urug (D:13)
  6 shock serpents
  3 spriggans (Swamp:2)
  10 naga sharpshooters
  A thrashing horror (Gauntlet)
  9 deep elf knights
  Sonja (Lair:1)
  A salamander mystic (Snake:3)
  8 skeletal warriors
  3 sea snakes (Snake:3)
  8 goliath frogs
  A swamp dragon (Swamp:2)
  A spriggan druid (Swamp:2)
  A glowing orange brain (shapeshifter) (Elf:1)
  4 naga ritualists
  11 orc knights
  8 bog bodies
  10 deep elf archers
  18 deep elf pyromancers
  15 deep elf zephyrmancers
  A necromancer (Gauntlet)
  8 mana vipers
  7 orc sorcerers
  3 ugly things
  4 manticores
  2 cyclopes
  A wolf spider (Gauntlet)
  4 will-o-the-wisps
  A moth of wrath (Gauntlet)
  2 oklob plants (Lair:2)
  7 salamanders
  7 elephants (Lair:5)
  17 black mambas
  Maurice (Orc:1)
  5 naga magi
  2 guardian serpents (Snake:3)
  An unseen horror (D:10)
  A torpor snail (Lair:5)
  A gargoyle (D:12)
  A cane toad (shapeshifter) (Elf:3)
  12 cane toads
  2 rime drakes
  A kobold demonologist (D:12)
  6 komodo dragons
  A bloated husk (Swamp:2)
  A tarantella (shapeshifter) (D:13)
  4 trolls
  2 hornets (Swamp:2)
  28 blink frogs
  11 dream sheep
  7 tyrant leeches
  2 snapping turtles (Snake:3)
  Prince Ribbit (Bailey)
  A meliai zombie (D:10)
  An air elemental (Elf:1)
  4 water elementals
  A vampire (D:9)
  64 yaks
  9 basilisks
  8 wraiths
  5 wyverns
  21 humans
  9 fire elementals
  A golden eye (shapeshifter) (D:14)
  A redback (Gauntlet)
  A steam dragon (D:8)
  21 vampire mosquitoes
  4 wargs (Orc:2)
  11 swamp worms
  2 acid dragons
  23 nagas
  3 hell hounds (D:14)
  3 swamp drakes (Swamp:1)
  22 water moccasins
  4 small abominations (Gauntlet)
  33 orc warriors
  A sky beast (D:5)
  2 ice beasts
  4 black bears
  A necrophage (D:8)
  40 wolves
  15 ogres
  10 centaurs
  4 kobold brigands
  2 earth elementals (Elf:1)
  2 gnoll sergeants (D:10)
  19 bullfrogs
  4 scorpions
  3 water moccasin skeletons
  11 killer bees
  4 wights (D:8)
  A howler monkey (D:6)
  An electric eel (Lair:5)
  2 bullfrog zombies (D:6)
  4 centaur zombies
  A jelly (D:4)
  12 orc priests
  A hound (D:6)
  A bullfrog skeleton (D:3)
  A centaur skeleton (D:7)
  Terence (D:2)
  14 orc wizards
  A hound zombie (D:5)
  9 adders
  5 gnolls
  A howler monkey skeleton (D:3)
  A white imp (D:7)
  A worm (D:2)
  2 dart slugs
  34 orcs
  6 endoplasms
  3 giant cockroaches
  10 goblins
  9 hobgoblins
  10 jackals
  11 kobolds
  A quokka (D:4)
  5 ball pythons
  4 bats
  4 frilled lizards
  8 rats
931 creatures vanquished.

Vanquished Creatures (others)
  2 bloated husks
  3 humans (Snake:2)
  A swamp drake (Swamp:2)
  18 foxfires
  61 fungi
  59 plants
  4 withered plants (Gauntlet)
148 creatures vanquished.

Grand Total: 1079 creatures vanquished

Notes
Turn   | Place    | Note
-------+----------+-------------------------------------------
     0 | D:1      | pkoi the Demigod Venom Mage began the quest for the Orb.
     0 | D:1      | Reached XP level 1. HP: 14/14 MP: 5/5
   403 | D:1      | Found Sits's Armour Boutique.
   557 | D:1      | Reached XP level 2. HP: 18/20 MP: 0/7
   822 | D:1      | Found Yser's Antique Weapon Boutique.
  1153 | D:1      | Found Deaki's Weapon Emporium.
  1209 | D:1      | Found Zaollal's Book Shop.
  1221 | D:1      | Learned a level 2 spell: Poisonous Vapours
  1230 | D:1      | Found Qaej's General Store.
  1928 | D:2      | Identified a scroll of acquirement
  1928 | D:2      | Acquired a +2 cloak of stealth
  1935 | D:2      | Noticed Terence
  1953 | D:2      | Killed Terence
  1954 | D:2      | Reached skill level 1 in Air Magic
  1954 | D:2      | Reached XP level 3. HP: 27/27 MP: 2/8
  2044 | D:2      | Reached skill level 1 in Fighting
  2772 | D:2      | Reached XP level 4. HP: 35/35 MP: 7/9
  3734 | D:3      | Reached XP level 5. HP: 31/41 MP: 10/10
  3969 | D:3      | Learned a level 3 spell: Mephitic Cloud
  4068 | D:3      | Gained mutation: You sometimes lose the ability to read
                  | scrolls when taking damage. [potion of mutation]
  4068 | D:3      | Gained mutation: Your system is resistant to poisons.
                  | (rPois) [potion of mutation]
  4941 | D:4      | HP: 2/41 [endoplasm (3)]
  5443 | D:4      | Found a staircase to the Ecumenical Temple.
  5468 | Temple   | Entered the Ecumenical Temple
  5565 | D:4      | Noticed a black bear
  5566 | D:4      | Noticed an ogre
  5584 | D:4      | Killed an ogre
  5585 | D:4      | Reached XP level 6. HP: 32/49 MP: 8/12
  6133 | D:4      | Reached skill level 1 in Conjurations
  7147 | D:5      | Entered Level 5 of the Dungeon
  7308 | D:5      | Reached XP level 7. HP: 40/56 MP: 11/13
  8184 | D:5      | Learned a level 4 spell: Olgreb's Toxic Radiance
  8558 | D:5      | Reached skill level 5 in Poison Magic
  9025 | D:5      | Reached XP level 8. HP: 63/63 MP: 10/15
  9614 | D:6      | Learned a level 3 spell: Ignite Poison
  9769 | D:6      | Reached skill level 1 in Transmutations
 10330 | D:7      | Reached skill level 1 in Fire Magic
 10434 | D:7      | Found a runed translucent door.
 10436 | D:7      | Noticed Zeld's ghost (novice MiBe)
 11589 | D:8      | You fall into a shaft and drop 3 floors!
 11607 | D:10     | Entered Level 10 of the Dungeon
 11814 | D:10     | Found a staircase to the Orcish Mines.
 11814 | D:10     | Noticed a troll
 11817 | D:10     | Reached skill level 5 in Dodging
 11817 | D:10     | Reached XP level 9. HP: 72/72 MP: 10/18
 11819 | D:10     | Reached skill level 5 in Fighting
 11957 | D:10     | Reached skill level 5 in Spellcasting
 12358 | D:10     | Learned a level 4 spell: Sticky Flame
 12383 | D:10     | Reached XP level 10. HP: 55/81 MP: 17/21
 12823 | D:10     | Acquired a book of Blasting
 12859 | D:10     | Reached skill level 5 in Conjurations
 13672 | D:9      | Found Xeneosi's Book Boutique.
 13776 | D:9      | Reached skill level 1 in Armour
 13901 | D:9      | Found a flagged portal.
 13920 | Bailey   | Entered a bailey
 14792 | Bailey   | Noticed a vault guard
 14797 | Bailey   | Killed a vault guard
 14870 | Bailey   | Noticed Prince Ribbit
 14874 | Bailey   | Killed Prince Ribbit
 14954 | Bailey   | Noticed a vault guard
 14959 | Bailey   | Killed a vault guard
 16059 | D:9      | Reached skill level 5 in Fire Magic
 16289 | D:8      | Reached XP level 11. HP: 76/88 MP: 13/24
 16542 | D:8      | Found Logoax's Assorted Antiques.
 16545 | D:8      | Bought a scroll labelled JURIOR MARR for 22 gold pieces
 16545 | D:8      | Bought a scroll labelled ICVILU SYR ZOET for 22 gold pieces
 16545 | D:8      | Bought a potion of curing for 66 gold pieces
 16545 | D:8      | Bought a scroll of fear for 77 gold pieces
 16545 | D:8      | Bought a green potion for 19 gold pieces
 16871 | D:8      | Noticed a deep elf pyromancer
 16875 | D:8      | Killed a deep elf pyromancer
 17096 | D:8      | Learned a level 4 spell: Iskenderun's Mystic Blast
 17943 | D:11     | Reached skill level 1 in Translocations
 18101 | D:11     | Found a runed translucent gate.
 18101 | D:11     | Found a runed translucent gate.
 18102 | D:11     | Found a runed translucent gate.
 18510 | D:11     | Noticed a skeletal warrior
 18583 | D:11     | Found a staircase to the Lair.
 18674 | D:11     | Noticed a two-headed ogre
 18678 | D:11     | Killed a two-headed ogre
 18833 | Lair:1   | Entered Level 1 of the Lair of Beasts
 19118 | Lair:1   | Noticed Sonja
 19120 | Lair:1   | Killed Sonja
 19143 | Lair:1   | Reached skill level 5 in Armour
 21017 | Lair:2   | Reached XP level 12. HP: 96/96 MP: 13/26
 21453 | D:1      | Bought a book of Transfigurations for 440 gold pieces
 22723 | Lair:2   | Reached skill level 5 in Translocations
 23060 | Lair:3   | Reached skill level 1 in Unarmed Combat
 23061 | Lair:3   | Noticed a seven-headed hydra
 23070 | Lair:2   | Learned a level 5 spell: Irradiate
 23256 | Lair:3   | Killed a seven-headed hydra
 23570 | Lair:3   | Reached skill level 2 in Unarmed Combat
 24776 | Lair:3   | Reached skill level 5 in Transmutations
 24983 | Lair:3   | Reached skill level 3 in Unarmed Combat
 25153 | Lair:3   | Found a staircase to the Swamp.
 25686 | Lair:4   | Noticed a four-headed hydra
 25707 | Lair:4   | Killed a four-headed hydra
 26095 | Lair:4   | Reached XP level 13. HP: 101/102 MP: 22/29
 26423 | Lair:4   | Acquired the ring of the Everdark {Drain rPois Will+ Int+6
                  | SInv}
 26709 | Lair:4   | Found a staircase to the Snake Pit.
 27002 | Lair:5   | Reached skill level 4 in Unarmed Combat
 27120 | Lair:5   | Found a gate leading to a gauntlet.
 27132 | Gauntlet | Entered a Gauntlet
 27132 | Gauntlet | Found a transporter.
 27194 | Gauntlet | Found a transporter.
 27197 | Gauntlet | Found a transporter.
 27198 | Gauntlet | Found a transporter.
 27205 | Gauntlet | Found a runed translucent door.
 27208 | Gauntlet | Found a transporter.
 27209 | Gauntlet | Found a transporter.
 27210 | Gauntlet | Found a transporter.
 27221 | Gauntlet | Found a transporter.
 27221 | Gauntlet | Found a transporter.
 27222 | Gauntlet | Found a transporter.
 27230 | Gauntlet | Found a transporter.
 27233 | Gauntlet | Found a transporter.
 27234 | Gauntlet | Found a transporter.
 27237 | Gauntlet | Noticed an entropy weaver
 27242 | Gauntlet | Found a transporter.
 28079 | Gauntlet | Killed an entropy weaver
 28081 | Gauntlet | Reached skill level 5 in Unarmed Combat
 28230 | Gauntlet | Identified the +9 great mace of Impeachment {vorpal, rF+
                  | rC+ Will+}
 28230 | Gauntlet | Noticed a minotaur
 28236 | Gauntlet | Killed a minotaur
 28654 | Lair:5   | Reached skill level 1 in Evocations
 29512 | Lair:5   | You fall into a shaft and drop 1 floor!
 29512 | Lair:6   | Entered Level 6 of the Lair of Beasts
 29881 | Lair:5   | Found a staircase to the Slime Pits.
 30153 | Lair:6   | Reached skill level 6 in Unarmed Combat
 30794 | Lair:6   | Reached skill level 5 in Stealth
 31170 | Lair:6   | Reached XP level 14. HP: 110/110 MP: 11/31
 31456 | Lair:6   | Reached skill level 7 in Unarmed Combat
 31606 | Lair:6   | Identified the +0 robe of Geuddurph {*Corrode rPois Str+6
                  | Archmagi}
 31994 | D:1      | Bought a +0 pair of boots for 49 gold pieces
 32001 | D:1      | Acquired 528 gold pieces
 33611 | D:11     | Noticed SuperSeabass's ghost (journeyman HuFE)
 33611 | D:11     | Noticed aChris07's ghost (journeyman MfIE)
 33612 | D:11     | Noticed Aarinfel's ghost (journeyman GrFi)
 33612 | D:11     | Noticed Woods's ghost (journeyman GnTm)
 33739 | Orc:1    | Entered Level 1 of the Orcish Mines
 33742 | Orc:1    | Noticed Jorgrun
 33746 | Orc:1    | Noticed Maurice
 33747 | Orc:1    | Noticed Josephine
 33748 | Orc:1    | Killed Jorgrun
 33750 | Orc:1    | Killed Maurice
 33757 | D:10     | Killed Josephine
 34265 | Orc:1    | Noticed Erolcha
 34268 | Orc:1    | Killed Erolcha
 34346 | Orc:1    | Found Lemorot's Assorted Antiques.
 34357 | Orc:1    | Bought a pair of fine gloves for 247 gold pieces
 34357 | Orc:1    | Identified the -1 pair of gloves "Jump" {rF+ Str+4} (You
                  | bought it in a shop on level 1 of the Orcish Mines)
 34515 | Orc:2    | Entered Level 2 of the Orcish Mines
 34776 | Orc:2    | Noticed Snorg
 34781 | Orc:2    | Killed Snorg
 35332 | Orc:2    | Found Wissac's Antique Weapon Shop.
 35586 | Orc:1    | You fall into a shaft and drop 1 floor!
 35667 | Orc:2    | Noticed an orc warlord
 35919 | Orc:2    | Reached skill level 8 in Unarmed Combat
 36097 | Orc:2    | Killed an orc warlord
 36323 | Orc:2    | Found Sabb's Book Shoppe.
 36550 | Orc:2    | Found Zoru's Antique Armour Shop.
 36788 | Orc:2    | Found Minkicre's General Store.
 36803 | Orc:2    | Found a staircase to the Elven Halls.
 37349 | Swamp:1  | Entered Level 1 of the Swamp
 38390 | Swamp:1  | Reached skill level 10 in Spellcasting
 38675 | Swamp:1  | Noticed a fenstrider witch
 38774 | Swamp:1  | Learned a level 7 spell: Dragon Form
 38875 | Swamp:1  | Reached skill level 9 in Unarmed Combat
 38885 | Swamp:1  | Killed a fenstrider witch
 38886 | Swamp:1  | Reached skill level 10 in Transmutations
 39896 | Swamp:2  | Reached XP level 15. HP: 86/115 MP: 0/33
 41019 | Swamp:3  | Found a runed translucent gate.
 41020 | Swamp:3  | Found a runed translucent gate.
 41021 | Swamp:3  | Found a runed translucent gate.
 41021 | Swamp:3  | Noticed a thorn hunter
 41023 | Swamp:3  | Noticed pkoi's ghost (adept DgCj)
 41024 | Swamp:3  | Noticed a thorn hunter
 41264 | Swamp:3  | Identified the +10 war axe "Kihumn" {elec, rPois Will-
                  | rCorr Dex+8}
 41505 | Swamp:3  | Noticed a tentacled monstrosity
 41538 | Swamp:3  | Got the Collected Works on Evil Rituals and Displacement
 41598 | Swamp:3  | Killed a tentacled monstrosity
 42370 | Snake:1  | Entered Level 1 of the Snake Pit
 42475 | Snake:1  | Noticed a nagaraja
 42796 | D:1      | Bought a book of Spatial Translocations for 286 gold pieces
 42803 | D:1      | Learned a level 5 spell: Manifold Assault
 43148 | Snake:1  | Killed a nagaraja
 43284 | Snake:1  | Reached skill level 10 in Unarmed Combat
 43534 | Snake:1  | HP: 8/177 [black mamba (14)]
 45431 | D:13     | Noticed Nessos
 45434 | D:13     | Killed Nessos
 46347 | D:13     | Found a gate to the Vaults.
 46350 | D:13     | Noticed Urug
 46356 | D:13     | Killed Urug
 47366 | D:13     | Found a portal to a secret trove of treasure.
 47725 | D:14     | Noticed Azrael
 47735 | D:14     | Killed Azrael
 47755 | D:14     | Reached XP level 16. HP: 121/127 MP: 13/35
 49465 | Snake:1  | Found a runed translucent door.
 49465 | Snake:1  | Noticed Inamel's ghost (adept GnFi)
 49482 | Snake:1  | Found Fifomic's Book Shop.
 49484 | Snake:1  | Found Moaleymu's Jewellery Emporium.
 49485 | Snake:1  | Found Diag's Book Shop.
 51164 | Snake:2  | Noticed Kirke
 51170 | Snake:2  | Killed Kirke
 51965 | Snake:2  | Reached skill level 11 in Unarmed Combat
 55720 | Snake:3  | Noticed Donald
 55725 | Snake:3  | Killed Donald
 55765 | Snake:3  | Found Memynous's Distillery.
 55828 | Snake:3  | Reached skill level 12 in Unarmed Combat
 56724 | Elf:1    | Entered Level 1 of the Elven Halls
 57358 | Elf:1    | Reached XP level 17. HP: 94/137 MP: 32/38
 57623 | Elf:1    | Paralysed by an air elemental for 1 turns
 58100 | D:1      | Bought a book of Storms for 352 gold pieces
 58106 | D:1      | Learned a level 5 spell: Lightning Bolt
 58694 | Elf:1    | Found Juroimun's Distillery.
 59139 | Elf:2    | Found Dutalik's Magic Scroll Shop.
 59251 | Elf:2    | Reached skill level 13 in Unarmed Combat
 59753 | Elf:2    | Found a runed translucent gate.
 59753 | Elf:2    | Found a runed translucent gate.
 59753 | Elf:2    | Found a runed translucent gate.
 60525 | Elf:2    | Found Mukla's Book Emporium.
 60677 | Elf:3    | Entered Level 3 of the Elven Halls
 60703 | Elf:3    | Found a flickering gateway to a bazaar.
 60719 | Bazaar   | Entered a bazaar
 60748 | Bazaar   | Found Kidysch's Antique Weapon Shoppe.
 60772 | Bazaar   | Found Jyelasank's Book Boutique.
 60824 | Bazaar   | Found Tiness's Antique Armour Shoppe.
 60863 | Bazaar   | Bought Sif Muna's Collected Works on Icy Heat for 414 gold
                  | pieces
 60863 | Bazaar   | Bought a book of the Warp for 288 gold pieces
 61049 | Elf:3    | Reached skill level 5 in Air Magic
 62889 | Elf:3    | Gained mutation: You are weak. (Str -2) [a neqoxec]
 62955 | Elf:3    | Noticed a deep elf blademaster
 62965 | Elf:3    | HP: 1/207 [deep elf blademaster/+0 rapier (22)]
 62965 | Elf:3    | Mangled by a deep elf blademaster

Illustrated notes

Levels and vault maps discovered:
D:1:      elethiomel_arrival_diamonds, layout_basic, serial_shops, shop,
          nicolae_square_shop, nicolae_square_shop, shop, shop
D:2:      layout_basic, basic_altar,
          dreamdust_ecumenical_altar_hidden_monk_grotto, uniq_terence
D:3:      layout_basic, fedhas_ov_isle_minmay, ashenzari_conservatory_becter
D:4:      layout_basic, mainiacjoe_overflow_brackets,
          minmay_temple_entry_glassed_door
D:5:      layout_loops_cross, minmay_crystal_water, grunt_decor_arrowhead
D:6:      layout_cave_pools
D:7:      layout_cave_pools, mainiacjoe_overflow_alcove_1,
          ebering_ghost_reflecting_pool, kennysheep_another_room
D:8:      layout_loops_ring, serial_shops, kennysheep_mini_moat
D:9:      layout_layer_cave, chequers_temple_overflow_statue_of_worship,
          amcnicky_altar_gilded, lemuel_round_altar, serial_shops,
          nicolae_stop_n_shop_2, enter_bailey_5, nzn_life_drinkers
D:10:     layout_grid_maze, mainiacjoe_overflow_chevrons,
          kennysheep_orc_monster_closet_entryway
D:11:     layout_cave_pods, lair_entry_dummy, gammafunk_ghost_cemetery
D:12:     layout_basic
D:13:     hellmonk_destroyed_diamonds, layout_cave_pods, david_vaults_3,
          enter_trove_1, vehumet_statue
D:14:     layout_irregular_city, uniq_azrael
Temple:   nicolae_temple_god_jail
Lair:1:   layout_loops_ring, grunt_megastairs_3, uniq_sonja
Lair:2:   dpeg_oklob_gauntlet, layout_misc_corridors,
          chequers_serial_rivers_small_a
Lair:3:   layout_regular_city, minmay_swamp_entry_swarm
Lair:4:   layout_cave_pods, dummy_snake_entry, serial_bayou_shore_b
Lair:5:   layout_regular_city, dpeg_slime_entry_corner, gauntlet_entry_generic,
          chequers_serial_rivers_room_b, serial_bayou_pond_b
Lair:6:   evilmike_catoblepas_cave, layout_loops_ring, serial_bayou_shore_a,
          grunt_megastairs_5, infiniplex_staircase_pool
Swamp:1:  layout_falls_marsh, nicolae_swamp_trees_clearing, swamp_pool3,
          grunt_witch_cave
Swamp:2:  layout_basic_swamp, evilmike_swamp_ruin_rubble_1
Swamp:3:  layout_basic_swamp, gammafunk_ghost_split,
          nicolae_swamp_orc_logging_accident
Snake:1:  layout_rooms, gammafunk_ghost_grave, nicolae_snake_omega,
          minmay_shop_grove
Snake:2:  layout_rooms, lemuel_fruit_tree, uniq_kirke
Snake:3:  layout_misc_corridors, serial_shops, shop,
          nicolae_snake_herptile_family_reunion, uniq_donald
Orc:1:    layout_caves, serial_shops, nicolae_shop_trees, uniq_josephine,
          uniq_maurice, uniq_erolcha, uniq_jorgrun
Orc:2:    grunt_orc_gardens, layout_caves, grunt_orc_garden, grunt_orc_garden,
          grunt_orc_garden, grunt_orc_garden, basic_altar, uniq_snorg
Elf:1:    nicolae_elf_arrival_no_cutting_in_line, layout_gridlike, serial_shops,
          shop, kennysheep_underground_church, roderic_lattice_octagonal_star
Elf:2:    elven_hall_of_blades_hangedman_original [nooodl_blade_entry_preview],
          layout_geoelf_grid, serial_shops, nicolae_take_the_stairs,
          minivault_27, nicolae_stop_n_shop_2
Elf:3:    minmay_elf_hall_not_hex, layout_geoelf_grid, serial_shops,
          bzr_in_the_mist, special_room [special_room_orc], amethyst_killhole,
          hangedman_decor_cross_pass

Skill      XL: |  1  2  3  4  5  6  7  8  9 10 11 12 13 14 15 16 17 |
---------------+----------------------------------------------------+-----
Poison Magic   | 3 4 6 7 |  7.0
Dodging        | 2 3 5 6 7 8 9 |  9.5
Air Magic      | 1 2 3 6 |  6.2
Fighting       | 1 2 3 4 5 6 7 9 |  9.5
Spellcasting   | 2 3 4 5 6 7 8 9 10 12 | 12.0
Stealth        | 2 3 5 6 7 |  7.1
Conjurations   | 1 2 3 4 6 8 9 |  9.0
Transmutations | 3 5 8 10 11 12 | 12.0
Fire Magic     | 2 3 5 6 |  6.0
Armour         | 3 5 6 |  6.0
Translocations | 4 6 7 9 |  9.0
Unarmed Combat | 3 6 9 10 12 13 | 13.3
Evocations     | 3 |  3.0

Action                   |  1- 3 |  4- 6 |  7- 9 | 10-12 | 13-15 | 16-18 || total
-------------------------+-------+-------+-------+-------+-------+-------++-------
Melee: Unarmed           |     6 |       |       |       |   208 |   328 ||   542
       Dagger            |    12 |       |       |    44 |       |       ||    56
       Short sword       |    11 |    73 |   104 |       |       |       ||   188
       Punch             |       |     1 |     1 |     3 |     9 |     4 ||    18
       Staff             |       |       |     1 |    54 |    10 |     1 ||    66
       Great mace        |       |       |       |       |     6 |       ||     6
       Tailslap          |       |       |       |       |    34 |    15 ||    49
       Bite              |       |       |       |       |    27 |     9 ||    36
 Cast: Sting             |    60 |   102 |    79 |    71 |    99 |       ||   411
       Poisonous Vapours |     1 |     4 |    19 |    82 |   158 |    94 ||   358
       Ignite Poison     |       |       |    13 |   101 |   186 |    84 ||   384
       Olgreb's Toxic Ra |       |       |     6 |    35 |    59 |    30 ||   130
       Sticky Flame      |       |       |     1 |    35 |    18 |       ||    54
       Iskenderun's Myst |       |       |       |     6 |    33 |       ||    39
       Irradiate         |       |       |       |     5 |    19 |       ||    24
       Mephitic Cloud    |       |       |       |     3 |     3 |       ||     6
       Dragon Form       |       |       |       |       |    20 |    61 ||    81
       Manifold Assault  |       |       |       |       |    19 |   176 ||   195
 Abil: Breathe Fire      |       |       |       |       |     4 |     3 ||     7
Evoke: Wand              |       |     1 |       |       |     1 |       ||     2
  Use: Scroll            |     3 |     3 |     9 |     7 |     4 |     1 ||    27
       Potion            |       |     4 |     4 |     1 |     2 |       ||    11
 Stab: Sleeping          |       |     4 |     2 |       |     1 |     1 ||     8
       Paralysed         |       |     3 |       |       |       |       ||     3
Armor: Robe              |     4 |    34 |    48 |     2 |       |       ||    88
       Acid dragon scale |       |       |       |    94 |    82 |     1 ||   177
       Skin              |       |       |       |       |    90 |    40 ||   130
Dodge: Dodged            |    34 |    96 |   104 |   193 |   278 |    54 ||   759
